 Dungeon Crawl Stone Soup version 0.20-a0-1127-g1289703 (webtiles) character file.

44303 Duffy the Cleaver (level 14, 77/77 HPs)
             Began as a Vine Stalker Fighter on May 18, 2017.
             Was an Elder of Makhleb.
             Quit the game on level 4 of the Lair of Beasts.
             The game lasted 00:25:38 (16808 turns).

Duffy the Cleaver (Vine Stalker Fighter)           Turns: 16808, Time: 00:25:38

Health: 77/77      AC: 22    Str: 23    XL:     14   Next: 28%
Magic:  21/21      EV:  4    Int:  9    God:    Makhleb [****..]
Gold:   799        SH: 23    Dex: 15    Spells: 13/13 levels left

rFire    . . .     SeeInvis .   L - +3 broad axe (freeze)
rCold    . . .     Gourm    .   T - +2 large shield
rNeg     . . .     Faith    .   J - +0 plate armour
rPois    .         Spirit   +   n - +2 helmet {Int+3}
rElec    .         Reflect  +   (no cloak)
rCorr    +         Harm     .   M - +2 pair of gloves
MR       +++..                  N - +0 pair of boots
Stlth    ..........             s - +3 amulet of reflection
Regen    1.1/turn               e - ring of protection from magic
MPRegen  0.2/turn               H - ring of resist corrosion

@: no status effects
A: fangs 3, dopey 1, high mp 1, magic resistance 1, regeneration 2, magic
shield, antimagic bite, no potion heal 3, rot immunity
a: Minor Destruction, Lesser Servant of Makhleb, Major Destruction, Renounce
Religion


You were on level 4 of the Lair of Beasts.
You worshipped Makhleb.
Makhleb was greatly pleased with you.
You were not hungry.

You visited 3 branches of the dungeon, and saw 17 of its levels.
You also visited: Labyrinth and Volcano.

You collected 799 gold pieces.

Inventory:

Hand Weapons
 a - a +0 war axe
 B - a +4 scimitar of flaming
 K - a +0 war axe of chopping
 L - a +3 broad axe of freezing (weapon)
 Q - a +1 eveningstar of holy wrath
Missiles
 E - a throwing net (quivered)
Armour
 k - a +1 scale mail of cold resistance
 n - a +2 helmet of intelligence (worn)
 J - a +0 plate armour (worn)
 M - a +2 pair of gloves (worn)
 N - a +0 pair of boots (worn)
 T - a +2 large shield (worn)
Jewellery
 e - a ring of protection from magic (left hand)
 s - a +3 amulet of reflection (around neck)
 H - a ring of resist corrosion (right hand)
Wands
 c - a wand of paralysis (10/24)
 g - a wand of polymorph (0/24)
 D - a wand of random effects (4/48)
 F - a wand of acid (0/15)
 G - a wand of flame (25/48)
 O - a wand of flame (11/48)
 R - a wand of disintegration (16/24)
 S - a wand of polymorph (6/24)
 V - a wand of lightning (9/15)
 W - a wand of flame (3/48)
Scrolls
 i - 8 scrolls of remove curse
 m - 3 scrolls of blinking
 v - 3 scrolls of teleportation
 P - 2 scrolls of magic mapping
Potions
 b - a potion of haste
 d - 3 potions of might
 l - 4 potions of magic
 p - 4 potions of flight
 q - 2 potions of resistance
 r - 4 potions of curing
 t - 3 potions of cancellation
 u - 3 potions of ambrosia
 z - a potion of lignification
 C - a potion of berserk rage
Miscellaneous
 y - a sack of spiders
 A - a fan of gales
 U - a lightning rod (4/4)
Comestibles
 f - 12 bread rations
 h - 15 fruits
 j - 2 chunks of flesh
 o - 11 meat rations
 w - a royal jelly


   Skills:
 + Level 10.1 Fighting
 + Level 13.5 Axes
 + Level 9.3 Armour
 + Level 10.0 Shields
 - Level 5.8 Invocations
 - Level 4.0 Evocations


You had 13 spell levels left.
You didn't know any spells.

Dungeon Overview and Level Annotations

Branches:
Dungeon (10/15)            Temple (1/1) D:4            Lair (6/6) D:8
 Shoals (0/4) Lair:2        Snake (0/4) Lair:4        Slime (0/5) Lair:5
    Orc: D:9-12

Altars:
Ashenzari
Cheibriados
Dithmenos
Elyvilon
Fedhas
Gozag
Hepliaklqana
Kikubaaqudgha
Makhleb
Nemelex Xobeh
Okawaru
Qazlal
Ru
Sif Muna
Trog
Uskayaw
Vehumet
Wu Jian
Xom
Yredelemnul
Zin
The Shining One

Shops:
D:4 =   D:7 =

Annotations:
D:7 exclusion: statue


Innate Abilities, Weirdness & Mutations

You have razor-sharp teeth.
You heal very quickly.
When hurt, damage is shared between your health and your magic reserves.
Your bite disrupts and absorbs the magic of your enemies.
Potions cannot restore your health.
You are immune to rotting.
You are dopey. (Int -2)
You have an increased reservoir of magic. (+10% MP)
You are resistant to hostile enchantments. (MR+)


Message History

You slash the soldier ant! You freeze the soldier ant.
The soldier ant is almost dead.
You block the soldier ant's attack.
You slash the soldier ant! You freeze the soldier ant.
You kill the soldier ant!
Makhleb accepts your kill.
No target in view!
No target in view!
As you read the scroll of enchant weapon, it crumbles to dust.
Your +2 broad axe of freezing glows red for a moment.
h - 5 fruits (gained 2)
h - 6 fruits (gained 1)
h - 7 fruits (gained 1)
h - 9 fruits (gained 2)
h - 10 fruits (gained 1)
h - 15 fruits (gained 5)
A crocodile comes into view.
A crocodile is nearby!
A crocodile is nearby!
Are you sure you want to abandon this character and quit the game? (Confirm with "yes".)

........(......#...#
..................#
..###.............####
..##...............#.# t
...............P.....#..
........................
........................
...P....................
##.#............@.......
##.#.........###.#.....
##.....#.....## #......
#.....[......#. .... .
##............## .....
#..............# .....
###............. ....
#............. ..... ##
#.>......######.#####


You could see a crocodile (wandering).

Vanquished Creatures
  A minotaur (Lab)
  3 hydras (Lair:6)
  The ghost of Lochraine the Wallflower, a journeyman VSFi of Uskayaw (Lair:4)
  2 two-headed ogres
  A shock serpent (Volcano)
  Urug (D:10)
  4 black mambas
  6 elephants
  3 molten gargoyles (Volcano)
  The ghost of PeterMcNeter the Twirler, a novice DrGl (D:4)
  17 spiny frogs
  3 rime drakes
  6 komodo dragons
  An efreet (Volcano)
  A queen bee (Volcano)
  2 trolls (D:10)
  2 polar bears
  3 tyrant leeches (Lair:6)
  3 slime creatures (Lair:5)
  20 blink frogs (Lair:6)
  12 hippogriffs
  2 wyverns
  14 yaks
  A hungry ghost (D:7)
  3 fire elementals (Volcano)
  Grum (D:8)
  5 vampire mosquitoes (Lair:6)
  17 soldier ants (Lair:4)
  10 porcupines
  11 water moccasins
  2 orc warriors (D:9)
  3 sky beasts
  A black bear (D:9)
  An ice beast (D:8)
  11 wolves
  2 phantoms
  7 ogres
  3 centaurs
  13 crocodiles
  3 big kobolds
  21 bullfrogs
  2 earth elementals (Volcano)
  A scorpion (D:7)
  3 wights (D:9)
  6 killer bees (D:10)
  4 howler monkeys
  4 electric eels
  6 crimson imps
  3 jellies
  7 orc wizards
  5 orc priests
  2 centaur skeletons (D:10)
  2 hounds
  2 bullfrog skeletons
  2 iguanas
  Jessica (D:3)
  15 worker ants
  Natasha (thrice) (D:3 D:5)
  A worker ant zombie (D:5)
  3 gnolls (D:4)
  16 adders
  An ooze (D:4)
  3 worms
  A dart slug (D:4)
  4 leopard geckos
  28 orcs
  A ball python (D:3)
  3 giant cockroaches
  8 goblins
  8 hobgoblins
  7 jackals (D:7)
  3 quokkas
  8 bats
  4 frilled lizards
  13 kobolds
  A leopard gecko zombie (D:8)
  8 rats
  A spectral orc (D:5)
  A bush (Lair:6)
  2 fire vortices (Volcano)
  2 fungi (Lair:6)
  2 plants (Lair:6)
421 creatures vanquished.

Vanquished Creatures (collateral kills)
  An entropy weaver (Lair:4)
  A hydra (Lair:1)
  3 elephants (Lair:6)
  A black mamba (Lair:6)
  2 spiny frogs (Lair:6)
  8 blink frogs (Lair:6)
  A yak (Lair:6)
  A vampire mosquito (Lair:6)
  5 soldier ants (Lair:4)
  2 wolves (Lair:1)
  3 bullfrogs (Lair:6)
  An earth elemental (Volcano)
  11 worker ants (Lair:4)
40 creatures vanquished.

Vanquished Creatures (others)
  A centaur (D:6)
  A kobold (D:9)
  39 fungi
  27 plants (Lair:6)
68 creatures vanquished.

Grand Total: 529 creatures vanquished

Notes
Turn   | Place    | Note
-------+----------+-------------------------------------------
     0 | D:1      | Duffy the Vine Stalker Fighter began the quest for the Orb.
     0 | D:1      | Reached XP level 1. HP: 11/11 MP: 2/2
   446 | D:1      | Reached skill level 2 in Axes
   471 | D:1      | Reached XP level 2. HP: 16/16 MP: 3/3
   840 | D:1      | Reached XP level 3. HP: 19/19 MP: 4/4
  1483 | D:2      | Gained mutation: Your natural rate of healing is unusually fast. [Vine Stalker growth]
  1483 | D:2      | Reached XP level 4. HP: 17/24 MP: 5/5
  1869 | D:3      | Reached skill level 3 in Axes
  1947 | D:3      | Noticed Jessica
  1951 | D:3      | Killed Jessica
  1952 | D:3      | Noticed Natasha
  1959 | D:3      | Killed Natasha
  1959 | D:3      | Reached XP level 5. HP: 23/28 MP: 6/6
  2085 | D:3      | Found a shattered altar of Ashenzari.
  2429 | D:3      | Found a shattered altar of Ashenzari.
  3010 | D:4      | Noticed PeterMcNeter's ghost (novice DrGl)
  3088 | D:4      | Found a staircase to the Ecumenical Temple.
  3143 | Temple   | Entered the Ecumenical Temple
  3356 | Temple   | Became a worshipper of Makhleb the Destroyer
  3414 | D:4      | Reached XP level 6. HP: 32/32 MP: 7/7
  3431 | D:4      | Found Xesavyru's Jewellery Shop.
  3449 | D:4      | Reached skill level 4 in Axes
  3562 | D:5      | Entered Level 5 of the Dungeon
  3563 | D:5      | Noticed Natasha
  3573 | D:5      | Killed Natasha
  3585 | D:5      | Noticed Natasha
  3593 | D:5      | Killed Natasha
  3697 | D:5      | Reached XP level 7. HP: 31/37 MP: 8/8
  4222 | D:4      | Reached skill level 5 in Axes
  4338 | D:5      | Found a basalt altar of Yredelemnul.
  5083 | D:6      | Gained mutation: You have razor-sharp teeth. [Vine Stalker growth]
  5083 | D:6      | Reached XP level 8. HP: 42/42 MP: 9/9
  5626 | D:7      | Found Teulilal's Jewellery Shop.
  5672 | D:7      | Found a white marble altar of Elyvilon.
  5707 | D:7      | Reached skill level 6 in Axes
  5806 | D:7      | Found a glowing golden altar of the Shining One.
  5806 | D:7      | Found a shimmering altar of Xom.
  5814 | D:7      | Reached skill level 1 in Evocations
  5958 | D:7      | Found a radiant altar of Vehumet.
  6001 | D:7      | Reached XP level 9. HP: 46/46 MP: 11/11
  6065 | D:7      | Reached skill level 7 in Axes
  6071 | D:7      | Reached * piety under Makhleb
  6844 | D:8      | Reached skill level 5 in Fighting
  6848 | D:8      | Found a staircase to the Lair.
  6857 | D:8      | Reached skill level 5 in Shields
  6935 | D:8      | Reached skill level 8 in Axes
  7040 | D:8      | Reached skill level 5 in Armour
  7042 | D:8      | Noticed Grum
  7056 | D:8      | Killed Grum
  7056 | D:8      | Reached XP level 10. HP: 33/51 MP: 6/14
  8067 | D:4      | Killed PeterMcNeter's ghost
  8067 | D:4      | Reached skill level 9 in Axes
  8724 | D:9      | Gained mutation: Your mind is acute. (Int +2) [mutagenic meat]
  8725 | D:9      | Gained mutation: You expend magic power (3 MP) to strengthen your wands. [mutagenic meat]
  8726 | D:9      | Gained mutation: You occasionally shout uncontrollably at your foes. [mutagenic meat]
  8727 | D:9      | Gained mutation: You are robust. (+10% HP) [mutagenic meat]
  8728 | D:9      | Gained mutation: Your magical capacity is low. (-10% MP) [mutagenic meat]
  8729 | D:9      | Gained mutation: You passively map a small area around you. [mutagenic meat]
  8853 | D:9      | Found a sacrificial altar of Ru.
  8881 | D:9      | Reached ** piety under Makhleb
  8960 | D:9      | Found an opulent altar of Gozag.
  9065 | D:9      | Found a snail-covered altar of Cheibriados.
  9309 | D:9      | Noticed a two-headed ogre
  9316 | D:9      | Killed a two-headed ogre
  9752 | D:10     | Entered Level 10 of the Dungeon
  9903 | D:10     | Reached skill level 10 in Axes
 10069 | D:10     | Found a bloodstained altar of Trog.
 10109 | D:10     | Reached XP level 11. HP: 17/63 MP: 5/13
 10292 | D:10     | Noticed a two-headed ogre
 10299 | D:10     | Killed a two-headed ogre
 10344 | D:10     | Noticed Urug
 10353 | D:10     | Killed Urug
 10353 | D:10     | Reached *** piety under Makhleb
 10568 | D:10     | Found a shadowy altar of Dithmenos.
 10723 | Lair:1   | Entered Level 1 of the Lair of Beasts
 10723 | Lair:1   | Noticed a six-headed hydra
 10730 | Lair:1   | Killed a six-headed hydra
 10880 | Lair:1   | Reached skill level 1 in Invocations
 11213 | Lair:1   | Lost mutation: Your magical capacity is low. (-10% MP) [potion of mutation]
 11213 | Lair:1   | Lost mutation: You expend magic power (3 MP) to strengthen your wands. [potion of mutation]
 11213 | Lair:1   | Gained mutation: You have sharp fingernails. [potion of mutation]
 11213 | Lair:1   | Lost mutation: Your mind is acute. (Int +2) [potion of mutation]
 11213 | Lair:1   | Gained mutation: You are surrounded by a mild repulsion field. (EV +2) [potion of mutation]
 11296 | Lair:1   | Reached skill level 11 in Axes
 11591 | Lair:2   | Found a staircase to the Shoals.
 11811 | Lair:2   | Reached **** piety under Makhleb
 11932 | Lair:2   | Got a transparent scale mail
 11943 | Lair:2   | Identified the +1 scale mail of Xiseqecyd {Int+4} (You found it on level 2 of the Lair of Beasts)
 12065 | Lair:2   | Gained mutation: You heal very quickly. [Vine Stalker growth]
 12065 | Lair:2   | Reached XP level 12. HP: 69/69 MP: 16/16
 12448 | Lair:3   | Reached skill level 5 in Invocations
 13104 | Lair:3   | You fall through a shaft for 3 floors!
 13104 | Lair:6   | Entered Level 6 of the Lair of Beasts
 13118 | Lair:6   | Reached skill level 12 in Axes
 13167 | Lair:6   | Found a dark tunnel.
 13202 | Volcano  | Entered a volcano
 13515 | Volcano  | Noticed a shock serpent
 13515 | Volcano  | a lindwurm changed into a shock serpent
 13669 | Volcano  | Killed a shock serpent
 13998 | Lair:6   | Reached XP level 13. HP: 43/75 MP: 15/18
 14102 | Lair:6   | Reached ***** piety under Makhleb
 14410 | Lair:6   | Reached skill level 13 in Axes
 15108 | Lair:5   | Found a labyrinth entrance.
 15129 | Lab      | Entered a labyrinth
 15495 | Lab      | Noticed a minotaur
 15512 | Lab      | Killed a minotaur
 15544 | Lab      | Identified the Incunabulum of the Compass
 15549 | Lab      | Identified the Handbook of the Mountains
 15669 | Lair:5   | Reached XP level 14. HP: 83/83 MP: 15/19
 15905 | Lair:5   | Found a staircase to the Slime Pits.
 16330 | Lair:5   | Lost mutation: You are robust. (+10% HP) [potion of mutation]
 16330 | Lair:5   | Lost mutation: You occasionally shout uncontrollably at your foes. [potion of mutation]
 16330 | Lair:5   | Lost mutation: You have sharp fingernails. [potion of mutation]
 16330 | Lair:5   | Lost mutation: You passively map a small area around you. [potion of mutation]
 16330 | Lair:5   | Lost mutation: You are surrounded by a mild repulsion field. (EV +2) [potion of mutation]
 16330 | Lair:5   | Gained mutation: Armour fits poorly on your strangely shaped body. [potion of mutation]
 16330 | Lair:5   | Gained mutation: Your body sometimes deteriorates upon taking damage. [potion of mutation]
 16330 | Lair:5   | Gained mutation: You regenerate. [potion of mutation]
 16330 | Lair:5   | Gained mutation: You have supernaturally acute eyesight. (SInv) [potion of mutation]
 16331 | Lair:5   | Lost mutation: Your body sometimes deteriorates upon taking damage. [potion of mutation]
 16331 | Lair:5   | Lost mutation: Armour fits poorly on your strangely shaped body. [potion of mutation]
 16331 | Lair:5   | Lost mutation: You regenerate. [potion of mutation]
 16331 | Lair:5   | Lost mutation: You have supernaturally acute eyesight. (SInv) [potion of mutation]
 16331 | Lair:5   | Gained mutation: You are dopey. (Int -2) [potion of mutation]
 16331 | Lair:5   | Gained mutation: You are resistant to hostile enchantments. (MR+) [potion of mutation]
 16331 | Lair:5   | Gained mutation: You have an increased reservoir of magic. (+10% MP) [potion of mutation]
 16358 | Lair:4   | Noticed an entropy weaver
 16382 | Lair:4   | Killed an entropy weaver
 16382 | Lair:4   | Reached skill level 10 in Fighting
 16404 | Lair:4   | Noticed an entropy weaver
 16471 | Lair:4   | Noticed Lochraine's ghost (journeyman VSFi)
 16500 | Lair:4   | Killed Lochraine's ghost
 16500 | Lair:4   | Reached skill level 10 in Shields
 16599 | Lair:4   | Found a staircase to the Snake Pit.
 16808 | Lair:4   | Quit the game

Vault maps used:
D:1:      minmay_arrival_diagonal_passages
D:2:      minmay_bisected
D:3:      ashenzari_altar_1, uniq_natasha, uniq_jessica
D:4:      lemuel_temple_firewalk_b, first_bread, serial_shops,
          nicolae_shop_competitors_out_of_business
D:5:      yredelemnul_forgotten_temple_becter, wad_floor_pattern_1
D:7:      vehumet_statue, grunt_temple_overflow_open, serial_shops,
          kennysheep_mini, grunt_ogre_cave
D:8:      due_lair_maze_entry_diamond, uniq_grum
D:9:      kennysheep_mini_moat, lemuel_crystal_altar, nicolae_ru_awakened_eye,
          lightli_orcish_oven
D:10:     basic_altar, trog_book, uniq_fannar, uniq_urug
Temple:   nicolae_temple_figure_eight
Lair:2:   elwin_shoals_entry_rocks
Lair:4:   dummy_snake_entry, zaba_anthell, lemuel_fruit_fields
Lair:5:   minmay_slime_entry_pillars, lab_entry_generic, beast_lair_carwin_3,
          serial_bayou_shore_a, grunt_megastairs_1
Lair:6:   minmay_lair_end_frog_pond, enter_volcano_1, grunt_megastairs_4
Lab:      nicolae_lab_dead_adventurers, nicolae_lab_very_dead_end,
          nicolae_lab_starburst
Volcano:  volcano_aerie

Skill      XL: |  1  2  3  4  5  6  7  8  9 10 11 12 13 14 |
---------------+-------------------------------------------+-----
Axes           | 2 3 4 5 6 8 10 11 12 13 | 13.5
Shields        | 3 4 5 6 7 8 9 10 | 10.0
Fighting       | 3 4 5 6 7 8 9 10 | 10.1
Armour         | 3 4 5 6 7 8 9 |  9.3
Evocations     | 2 4 |  4.0
Invocations    | 4 5 |  5.8

Action                   |  1- 3 |  4- 6 |  7- 9 | 10-12 | 13-15 || total
-------------------------+-------+-------+-------+-------+-------++-------
Melee: War axe           |    83 |   165 |   282 |    99 |       ||   629
       Bite              |    18 |    45 |    96 |   229 |   152 ||   540
       Broad axe         |       |       |       |   561 |   389 ||   950
       Eveningstar       |       |       |       |     1 |       ||     1
Invok: Lesser Servant of |       |       |       |    11 |    12 ||    23
Evoke: Wand              |       |       |     1 |    29 |    10 ||    40
  Use: Scroll            |       |     3 |     6 |    15 |    11 ||    35
       Potion            |       |       |       |     4 |     3 ||     7
 Stab: Distracted        |       |       |       |     1 |     4 ||     5
  Eat: Chunk             |     2 |     7 |    10 |    23 |     4 ||    46
       Royal jelly       |       |       |     2 |     4 |     2 ||     8
Armor: Scale mail        |    22 |       |       |       |       ||    22
       Chain mail        |    29 |    75 |   106 |    25 |     5 ||   240
       Plate armour      |       |       |       |   303 |   184 ||   487
       Skin              |       |       |       |     1 |       ||     1
Dodge: Dodged            |    24 |    31 |    35 |   146 |    58 ||   294
Block: Shield            |    54 |    83 |   196 |   422 |     9 ||   764
       Reflection        |       |       |     5 |     7 |       ||    12
       Large shield      |       |       |       |       |   431 ||   431
